 Dungeon Crawl Stone Soup version 0.21-a0-178-g0b87683 (webtiles) character file.

51 rustygreaves the Magician (level 3, -8/24 HPs)
             Began as a Demonspawn Wizard on Aug 9, 2017.
             Mangled by rustygreaves's ghost (12 damage)
             ... on level 3 of the Dungeon.
             The game lasted 00:07:41 (1656 turns).

rustygreaves the Magician (Demonspawn Wizard)       Turns: 1656, Time: 00:07:42

Health: -8/24      AC:  2    Str:  7    XL:     3   Next: 58%
Magic:  1/8        EV: 12    Int: 28    God:
Gold:   94         SH:  0    Dex: 11    Spells: 4/10 levels left

rFire    . . .     SeeInvis .   l - +2 dagger (venom)
rCold    . . .     Gourm    .   (no shield)
rNeg     . . .     Faith    .   a - +0 robe
rPois    .         Spirit   .   b - +0 hat
rElec    .         Reflect  .   (no cloak)
rCorr    .         Harm     .   (no gloves)
MR       .....                  (no boots)
Stlth    ++........             (no amulet)
HPRegen  0.08/turn              f - +4 ring of intelligence
MPRegen  0.11/turn              m - +4 ring of intelligence

@: no status effects
A: spiny 1
a: no special abilities


You were on level 3 of the Dungeon.
You were not hungry.

You visited 1 branch of the dungeon, and saw 3 of its levels.

You collected 94 gold pieces.

Inventory:

Hand Weapons
 l - a +2 dagger of venom (weapon)
Armour
 a - a +0 robe (worn)
 b - a +0 hat (worn)
Jewellery
 f - a +4 ring of intelligence (left hand)
 m - a +4 ring of intelligence (right hand)
Scrolls
 i - 2 scrolls of remove curse {unknown}
Potions
 j - a potion of agility {unknown}
 k - a potion of haste {unknown}
Books
 c - a book of Minor Magic

   Spells                             Type                      Level
   a - Magic Dart                     Conjuration                  1
   b - Blink                          Translocation                2
   c - Call Imp                       Summoning                    2
   d - Slow                           Hexes                        2
   e - Conjure Flame                  Conjuration/Fire             3
   f - Mephitic Cloud                 Conjuration/Poison/Air       3
Comestibles
 d - a bread ration
 g - 2 meat rations


   Skills:
 - Level 1.7 Dodging
 - Level 1.7 Stealth
 + Level 4.4 Spellcasting
 - Level 1.0 Conjurations
 - Level 1.0 Summonings
   Level 0.8 Translocations


You had 4 spell levels left.
You knew the following spells:

 Your Spells              Type           Power        Failure   Level  Hunger
a - Magic Dart            Conj           ##..         4%          1    None
b - Conjure Flame         Conj/Fire      #.......     17%         3    ##.....
c - Call Imp              Summ           ##......     7%          2    None


Dungeon Overview and Level Annotations

Branches:
Dungeon (3/15)

Altars:

Annotations:
D:3 rustygreaves's ghost, amateur MiBe


Innate Abilities, Weirdness & Mutations

You are partially covered in sharp spines.


Message History

Casting: Magic Dart
Confirm with . or Enter, or press ? or * to list all spells.
You don't have enough magic to cast that spell.
The orc hits you with a falchion.
Rustygreaves's ghost is struck by your spines.
Rustygreaves's ghost hits you!
Ouch! That really hurt!
* * * LOW HITPOINT WARNING * * *
Your crimson imp hits the orc.
You feel better. The orc is struck by your spines. The orc closely misses you.
Rustygreaves's ghost hits you!
* * * LOW HITPOINT WARNING * * *
As you read the scroll labeled UJYALE HUOPP, it crumbles to dust.
It is a scroll of recharging.
You aren't carrying any rechargeable items.
The orc is struck by your spines.
You kill the orc!
Rustygreaves's ghost hits you!
Ouch! That really hurt!
You die...

#....##........##..######......
#.#####........##..# .....
#.###############...## ....
......... ...... ... ...####..
...#..## ## ...#
#.############.# ####
#............#.## #
#........o)W.#†.###.# #
#........)@..'......#
#######........5...##.#####
...................##..#
...................###5#
........#####+###### #W##
#######.# #..# # #.# ##...<...#
# ... #.......# # ....
........#


You could see rustygreaves's ghost, an orc and a friendly crimson imp.

Vanquished Creatures
  2 adders
  A dart slug (D:1)
  4 orcs (D:3)
  A bat (D:3)
  5 hobgoblins
  2 jackals (D:2)
  2 kobolds
  A ball python (D:3)
  A frilled lizard (D:2)
  2 goblins
  7 rats
28 creatures vanquished.

Vanquished Creatures (collateral kills)
  A worm (D:3)
1 creature vanquished.

Vanquished Creatures (others)
  A kobold (D:1)
1 creature vanquished.

Grand Total: 30 creatures vanquished

Notes
Turn   | Place    | Note
-------+----------+-------------------------------------------
     0 | D:1      | rustygreaves the Demonspawn Wizard began the quest for the Orb.
     0 | D:1      | Reached XP level 1. HP: 13/13 MP: 4/4
   405 | D:1      | Gained mutation: You are partially covered in sharp spines. [demonic ancestry]
   405 | D:1      | Reached XP level 2. HP: 3/19 MP: 4/6
  1095 | D:2      | Reached skill level 4 in Spellcasting
  1095 | D:2      | Reached XP level 3. HP: 24/24 MP: 1/8
  1496 | D:3      | Learned a level 3 spell: Conjure Flame
  1499 | D:3      | Learned a level 2 spell: Call Imp
  1637 | D:3      | Noticed rustygreaves's ghost (amateur MiBe)
  1656 | D:3      | Mangled by rustygreaves's ghost

Vault maps used:
D:1:      shiori_arrival_elements
D:3:      kennysheep_slug_shrine, minivault_23, uniq_ijyb

Skill      XL: |  1  2 |
---------------+-------+-----
Spellcasting   | 4 |  4.4
Dodging        | |  1.7
Stealth        | |  1.7
Conjurations   | |  1.0
Summonings     | |  1.0
Translocations | |  0.8

Action                   || total
-------------------------++-------
Melee: Unarmed           ||     9
       Dagger            ||     6
 Cast: Magic Dart        ||    69
       Call Imp          ||     4
  Use: Potion            ||     2
       Scroll            ||     1
  Eat: Bread ration      ||     1
       Chunk             ||     1
Armor: Robe              ||     1
Dodge: Dodged            ||    25
